Map: [ESL] Gresvan

Players

NightMare - Winner!

  • Race: Protoss Protoss
  • Spawn Location: 11:00

herO

  • Race: Protoss Protoss
  • Spawn Location: 5:00

VOD

https://youtu.be/E70q_tp0z20

Description

Time

  • Played on: July 6, 2023, 7:36 a.m.
  • Length: 12:14
Show
View Real Time Build Order
Export as new Build Order

NightMare Protoss - Winner!

Build Orders:  

Get SALT Encoding   

  12  0:00  Probe  
  13  0:12  Probe  
  14  0:17  Pylon  
  14  0:24  Probe  
  15  0:35  Gateway  
  15  0:36  Probe (Chrono Boost)  
  16  0:46  Probe (Chrono Boost)  
  16  0:47  Assimilator  
  17  0:51  Probe (Chrono Boost)  
  17  0:54  Assimilator  
  18  1:03  Probe (Chrono Boost)  
  19  1:09  Gateway  
  19  1:14  Probe (Chrono Boost)  
  20  1:19  Probe (Chrono Boost)  
  21  1:27  Cybernetics Core  
  21  1:29  Probe  
  22  1:37  Pylon  
  22  1:41  Probe  
  23  1:55  Probe  
  24  2:02  Warp Gate (Chrono Boost)  
  24  2:04  Stalker x2  
  28  2:12  Pylon  
  28  2:18  Shield Battery  
  28  2:25  Pylon  
  28  2:44  Nexus  
  28  2:47  Sentry x2  
  32  2:53  Shield Battery  
  32  2:56  Probe  
  32  3:11  Stalker  
  32  3:12  Stalker  
  36  3:21  Pylon  
  36  3:22  Probe  
  37  3:34  Probe  
  37  3:37  Twilight Council  
  38  3:46  Probe  
  39  3:51  Pylon  
  39  3:56  Adept x2  
  39  3:59  Probe  
  44  4:03  Probe  
  45  4:11  Probe  
  45  4:15  Blink (Chrono Boost)  
  47  4:26  Shield Battery  
  47  4:27  Stalker  
  47  4:32  Stalker  
  47  4:34  Probe (Chrono Boost)  
  49  4:40  Probe (Chrono Boost)  
  47  4:46  Probe (Chrono Boost)  
  47  4:52  Probe (Chrono Boost)  
  48  4:54  Probe (Chrono Boost)  
  48  4:56  Probe (Chrono Boost), Stalker x2  
  54  5:05  Probe  
  55  5:07  Probe  
  55  5:13  Pylon  
  56  5:20  Stalker x2  
  60  5:22  Probe x2  
  62  5:34  Probe x2  
  64  5:38  Nexus  
  64  5:40  Pylon  
  64  5:44  Stalker  
  64  5:46  Stalker  
  67  5:55  Probe x2  
  65  6:10  Adept x2  
  69  6:16  Robotics Facility  
  69  6:17  Probe x2  
  71  6:22  Pylon  
  71  6:31  Gateway  
  71  6:32  Shield Battery  
  71  6:33  Gateway  
  71  6:42  Stalker x2  
  71  6:44  Probe x2  
  77  6:52  Probe  
  77  6:53  Assimilator  
  78  6:56  Probe x2  
  80  7:02  Immortal (Chrono Boost)  
  80  7:08  Stalker  
  86  7:09  Stalker  
  86  7:13  Probe x2  
  86  7:14  Probe  
  91  7:25  Pylon  
  91  7:28  Stalker x2  
  87  7:38  Stalker x2  
  90  7:44  Probe x2  
  82  7:52  Stalker x2  
  85  8:03  Probe x2 (Chrono Boost)  
  85  8:04  Probe (Chrono Boost), Stalker x2  
  87  8:16  Probe (Chrono Boost)  
  87  8:17  Probe (Chrono Boost)  
  89  8:24  Probe x3 (Chrono Boost)  
  89  8:25  Adept  
  89  8:26  Adept  
  96  8:28  Probe (Chrono Boost)  
  96  8:31  Probe x2  
  99  8:38  Pylon  
  99  8:40  Probe  
  100  8:41  Gateway  
  100  8:44  Gateway  
  100  8:45  Probe x2  
  100  8:47  Immortal (Chrono Boost)  
  100  8:53  Probe  
  100  8:55  Assimilator  
  105  9:00  Pylon  
  105  9:02  Probe x2  
  107  9:08  Stalker x4  
  115  9:14  Probe x2  
  113  9:17  Pylon  
  113  9:23  Immortal (Chrono Boost)  
  113  9:25  Probe  
  113  9:26  Probe  
  113  9:31  Assimilator  
  117  9:36  Nexus  
  117  9:38  Shield Battery  
  117  9:39  Sentry  
  117  9:47  Stalker x3  
  123  9:53  Pylon  
  123  9:57  Stalker x2  
  123  9:59  Shield Battery  
  126  10:09  Stalker  
  120  10:14  Stalker x3  
  118  10:23  Adept x2  
  118  10:28  Probe x3  
  102  10:40  Adept x4  
  98  10:45  Stalker x2  
  94  10:51  Probe, Shield Battery  
  94  10:52  Probe x2  
  97  10:57  Stalker x2  
  97  11:00  Gateway  
  97  11:01  Gateway, Observer  
  97  11:02  Stalker  
  104  11:08  Stalker  
  104  11:09  Stalker  
  106  11:16  Stalker x2  
  106  11:18  Shield Battery  
  110  11:22  Stalker  
  112  11:30  Stalker  
  108  11:33  Stalker x2  
  104  11:41  Stalker  
  104  11:43  Stalker  
  95  11:48  Probe x2  
  95  11:51  Stalker  
  91  11:57  Stalker  
  91  11:58  Probe (Chrono Boost)  
  91  11:59  Probe (Chrono Boost)  
  89  12:03  Probe (Chrono Boost)  
Show
View Real Time Build Order
Export as new Build Order

herO Protoss 

Build Orders:  

Get SALT Encoding   

  12  0:00  Probe  
  13  0:12  Probe  
  14  0:16  Pylon  
  14  0:24  Probe (Chrono Boost)  
  16  0:36  Probe (Chrono Boost), Gateway  
  16  0:43  Probe (Chrono Boost)  
  16  0:46  Assimilator  
  17  0:50  Probe  
  18  1:02  Assimilator  
  18  1:03  Probe (Chrono Boost)  
  19  1:08  Gateway  
  19  1:13  Probe (Chrono Boost)  
  19  1:17  Probe (Chrono Boost)  
  20  1:24  Cybernetics Core  
  21  1:29  Probe  
  22  1:34  Pylon  
  22  1:41  Probe  
  23  1:53  Probe  
  24  1:58  Warp Gate (Chrono Boost)  
  24  2:00  Stalker  
  24  2:01  Stalker  
  28  2:12  Pylon  
  28  2:30  Stalker  
  28  2:31  Stalker  
  31  2:50  Nexus  
  31  3:00  Sentry x2, Shield Battery  
  31  3:03  Probe  
  36  3:11  Pylon  
  36  3:15  Probe  
  37  3:24  Robotics Facility  
  37  3:27  Probe  
  38  3:40  Probe  
  39  3:42  Sentry  
  39  3:48  Adept  
  43  3:52  Probe  
  44  4:03  Probe (Chrono Boost)  
  44  4:09  Probe (Chrono Boost)  
  46  4:13  Probe (Chrono Boost)  
  46  4:15  Stalker x2  
  52  4:17  Probe (Chrono Boost), Observer (Chrono Boost)  
  52  4:18  Probe (Chrono Boost)  
  54  4:30  Shield Battery  
  54  4:33  Warp Prism (Chrono Boost)  
  54  4:35  Probe x2  
  54  4:41  Stalker  
  54  4:43  Stalker  
  58  4:48  Probe x2  
  60  4:54  Pylon  
  60  4:58  Twilight Council  
  60  5:00  Probe  
  60  5:01  Probe  
  62  5:08  Phoenix  
  62  5:11  Adept x2  
  68  5:19  Pylon, Immortal (Chrono Boost)  
  66  5:26  Assimilator  
  70  5:31  Pylon  
  70  5:36  Blink (Chrono Boost)  
  70  5:37  Probe x2  
  72  5:49  Probe x2  
  74  5:52  Observer  
  74  5:59  Stalker x2  
  74  6:01  Probe  
  80  6:10  Immortal (Chrono Boost)  
  79  6:13  Gateway  
  83  6:21  Gateway  
  83  6:22  Pylon  
  83  6:34  Nexus  
  83  6:39  Observer  
  83  6:42  Stalker x2  
  87  6:56  Probe x2  
  87  6:57  Pylon  
  89  7:05  Stalker x2  
  89  7:08  Probe  
  94  7:13  Pylon  
  94  7:15  Probe  
  95  7:18  Stalker x2  
  95  7:21  Probe  
  100  7:27  Probe  
  100  7:33  Stalker x2  
  100  7:36  Probe  
  97  7:39  Probe  
  94  7:45  Warp Prism (Chrono Boost)  
  94  7:48  Probe  
  94  7:49  Stalker x2  
  93  7:51  Probe  
  93  7:56  Probe  
  93  7:58  Charge (Chrono Boost)  
  93  8:00  Probe  
  93  8:07  Observer  
  90  8:13  Stalker x3  
  90  8:15  Immortal (Chrono Boost)  
  90  8:18  Pylon  
  96  8:26  Gateway  
  96  8:27  Probe  
  99  8:35  Stalker  
  99  8:38  Gateway  
  99  8:40  Gateway  
  99  8:42  Adept x2  
  99  8:46  Shield Battery  
  99  8:47  Observer (Chrono Boost)  
  104  8:52  Stalker  
  106  8:55  Pylon  
  106  8:56  Probe  
  107  9:03  Gateway  
  107  9:05  Dark Shrine  
  107  9:15  Stalker x4  
  107  9:27  Probe x3  
  107  9:29  Stalker  
  109  9:34  Stalker  
  109  9:40  Stalker x3  
  115  9:45  Zealot x2  
  119  9:56  Pylon  
  119  9:59  Zealot x3  
  125  10:05  Zealot x3  
  125  10:06  Zealot x2  
  119  10:26  Zealot x8  
  109  10:31  Warp Prism (Chrono Boost)  
  100  10:41  Observer  
  86  10:48  Stalker x3  
  86  10:49  Stalker x2  
  84  10:55  Stalker, Sentry  
  88  10:57  Stalker  
  90  11:12  Stalker x2, Sentry x2  
  98  11:21  Zealot x3, Stalker  
  100  11:39  Zealot x4  
  98  11:43  Zealot x3  
  98  11:45  Zealot  
Tags
 
Add a new tag
Caveats
  • Supply blocks, unpowered buildings, or Contaminate may cause inaccurate times.
  • Supply counts are checked every 10 seconds.